 Dungeon Sprint DCSS version 0.23-a0-681-g26ad783 (webtiles) character file.

1078 CyclopB the Cleaver (level 8, 0/65 HPs)
             Began as a Formicid Fighter on Jan 10, 2019.
             Slain by Sonja
             ... wielding a +0 short sword of distortion
              (12 damage)
             ... in the Dungeon (Sprint I: "Red Sonja").
             The game lasted 00:05:43 (791 turns).

CyclopB the Cleaver (Formicid Fighter)               Turns: 791, Time: 00:05:44

Health: 0/65       AC:  8    Str: 20    XL:     8   Next: 54%
Magic:  8/8        EV: 10    Int:  9    God:
Gold:   405        SH: 12    Dex: 12    Spells: 7/7 levels left

rFire    . . .     SeeInvis +   a - +0 war axe
rCold    . . .     Gourm    .   c - +0 shield
rNeg     . . .     Faith    .   b - +0 scale mail
rPois    .         Spirit   .   (helmet unavailable)
rElec    .         Reflect  .   (no cloak)
rCorr    .         Harm     .   (no gloves)
MR       .....                  h - +0 pair of boots (curse)
Stlth    ..........             (no amulet)
HPRegen  0.20/turn              (no ring)
MPRegen  0.11/turn              (no ring)

@: no status effects
A: permanent stasis, dig shafts and tunnels, four strong arms, antennae 3
a: Dig


You were in the Dungeon.
You were not hungry.

You visited 1 branch You collected 405 gold pieces.

Inventory:

Hand Weapons
 a - a +0 war axe (weapon)
Missiles
 j - 47 stones (quivered)
Armour
 b - a +0 scale mail (worn)
 c - a +0 shield (worn)
 h - a cursed +0 pair of boots (worn)
Potions
 d - a potion of might
 i - 2 potions of magic
 l - a potion of degeneration {unknown}
Comestibles
 f - a ration


   Skills:
 - Level 6.3 Fighting
 * Level 13.5 Axes
 - Level 6.0 Armour
 + Level 1.4 Dodging
 - Level 10.7 Shields


You had 7 spell levels left.
You didn't know any spells.
Your spell library was empty.

Dungeon Overview and Level Annotations

Branches:
Dungeon (1/1)

Altars:
Makhleb
Sif Muna
Vehumet
Wu Jian
Xom
Jiyva
Lugonu

Annotations:
D Sonja


Innate Abilities, Weirdness & Mutations

You cannot be hasted, slowed, berserked, paralysed or teleported.
You can dig through walls and to a lower floor.
Your four strong arms can wield two-handed weapons with a shield.
You have a pair of large antennae on your head. (SInv)


Message History

You block Sonja's attack. x2; Sonja barely misses you.
You barely miss Sonja.
Sonja is heavily wounded.
You block Sonja's attack. Sonja closely misses you.
Sonja hits you but does no damage. Space bends around you.
You closely miss Sonja.
Sonja is heavily wounded.
Sonja hits you with a +0 short sword of distortion.
Space warps horribly around you! Sonja barely misses you.
Sonja hits you with a +0 short sword of distortion.
You completely miss Sonja.
Sonja is heavily wounded.
Sonja hits you with a +0 short sword of distortion.
Space warps horribly around you!
* * * LOW HITPOINT WARNING * * *
Sonja closely misses you.
Sonja hits you with a +0 short sword of distortion.
* * * LOW HITPOINT WARNING * * *
Space warps horribly around you!
You die...

##########################
#<.#..)..#.)'..#__#..')..#
#).'..#..'?.#..'^.'..#)..#
#..#####'#####'#__####...+{{
#..# #..#...#.#### #####{{
#..# ####..##.# { #..#
##'#_.+§§≈.§ { #⌠⌠#
{+..K_#§§§§c# #### #_@#'##+
{ ##'#.# #.### $.$ { $.$
##.## { #+# {{ { {


You could see Sonja.

Vanquished Creatures
  2 kobold demonologists (D)
  A slime creature (D)
  Sigmund (D)
  A floating eye (D)
  An ogre (D)
  A jelly (D)
  Ijyb (D)
8 creatures vanquished.

Notes
Turn   | Place    | Note
-------+----------+-------------------------------------------
     0 | D        | CyclopB the Formicid Fighter began the quest for the Orb.
     0 | D        | Reached XP level 1. HP: 18/18 MP: 1/1
     1 | D        | Noticed Ijyb
    97 | D        | Killed Ijyb
    97 | D        | Reached skill level 3 in Axes
    97 | D        | Reached XP level 2. HP: 19/24 MP: 2/2
    97 | D        | Reached XP level 3. HP: 23/29 MP: 3/3
   162 | D        | Noticed an ogre
   168 | D        | Killed an ogre
   168 | D        | Reached skill level 4 in Axes
   168 | D        | Reached skill level 10 in Shields
   168 | D        | Reached XP level 4. HP: 18/35 MP: 4/4
   168 | D        | Reached XP level 5. HP: 21/41 MP: 5/5
   330 | D        | Noticed Sigmund
   338 | D        | Killed Sigmund
   338 | D        | Reached skill level 7 in Axes
   338 | D        | Reached XP level 6. HP: 49/53 MP: 6/6
   370 | D        | Found a deep blue altar of Sif Muna.
   371 | D        | Found an ornate altar of the Wu Jian Council.
   381 | D        | Reached skill level 8 in Axes
   384 | D        | Found a radiant altar of Vehumet.
   572 | D        | Found a burning altar of Makhleb.
   572 | D        | Found a viscous altar of Jiyva.
   572 | D        | Found a shimmering altar of Xom.
   572 | D        | Found a corrupted altar of Lugonu.
   572 | D        | Noticed a slime creature
   578 | D        | Killed a slime creature
   578 | D        | Reached skill level 10 in Axes
   578 | D        | Reached XP level 7. HP: 48/59 MP: 7/7
   601 | D        | Noticed a centaur warrior
   620 | D        | Noticed a kobold demonologist
   621 | D        | Noticed a kobold demonologist
   623 | D        | Noticed an orange demon
   625 | D        | Noticed an orange demon
   630 | D        | Noticed a rust devil
   632 | D        | Killed a kobold demonologist
   632 | D        | Reached skill level 11 in Axes
   632 | D        | Reached skill level 1 in Dodging
   632 | D        | Reached XP level 8. HP: 39/65 MP: 8/8
   637 | D        | Reached skill level 12 in Axes
   639 | D        | Killed a kobold demonologist
   639 | D        | Reached skill level 13 in Axes
   785 | D        | Noticed Sonja
   791 | D        | Slain by Sonja

Vault maps used:
D:        dungeon_sprint_1

Skill      XL: |  1  2  3  4  5  6  7  8 |
---------------+-------------------------+-----
Axes           | 3 4 7 10 11 13 | 13.5
Shields        | 7 10 | 10.7
Fighting       | 6 |  6.3
Armour         | 6 |  6.0
Dodging        | 1 |  1.4

Action                   |  1- 3 |  4- 6 |  7- 9 || total
-------------------------+-------+-------+-------++-------
Melee: War axe           |    16 |    16 |    22 ||    54
       Unarmed           |     7 |       |       ||     7
Throw: Stone             |       |     1 |       ||     1
  Use: Potion            |       |       |     2 ||     2
Armor: Scale mail        |     5 |     1 |    20 ||    26
Dodge: Dodged            |    11 |     3 |    17 ||    31
Block: Shield            |     9 |     8 |    27 ||    44

Table legend:
 A = Non-vault XP
 B = Vault XP
 C = Vault XP percentage of total XP
 D = Non-vault monster count
 E = Vault monster count
 F = Vault count percentage of total count
                 A         B        C        D         E       F
            +---------+---------+-------+---------+---------+-------
      Total |       0 |    1541 | 100.0 |       0 |       8 | 100.0
            +---------+---------+-------+---------+---------+-------
          D |       0 |    1541 | 100.0 |       0 |       8 | 100.0
            +---------+---------+-------+---------+---------+-------
